General information
			
			
        
        - name: BNet
 
        - type: Ladder team game (AT/RT)
 
        - host: Battle.net
 
        - saver: TIMG4STRok
 
        
map: Slalom 
        - players: 8
 
        - length: 21:11
 
        - speed: Fast
 - version: 1.22 W3XP
 - replay type:  

 
» download(186 KB)
Players
        team 1 (loser) 
              
              
» 
BAN_NOOBS (
pink | 104 APM | 2153 actions | 20:46)
              
 4 Death Knight 
 2 Death Coil
 2 Unholy Aura
 3 Lich 
 2 Frost Nova
 1 Frost Armor
 2 Dreadlord 
 1 Sleep
 1 Carrion Swarm
 
                » actions 
                
                | Assign group hotkey | 337 |  | 
| Basic commands | 2 |  | 
| Build / train | 65 |  | 
| Enter build submenu | 26 |  | 
| Enter hero's abilities submenu | 9 |  | 
| Give item / drop item | 1 |  | 
| Right click | 737 |  | 
| Select / deselect | 387 |  | 
| Select group hotkey | 489 |  | 
| Use ability | 100 |  | 
                2153 total
 » units 
                
                | Acolyte | 7 |  | 
| Ghoul | 3 |  | 
| Crypt Fiend | 8 |  | 
| Obsidian Statue | 7 |  | 
| Abomination | 1 |  | 
                26 total
 » upgrades
                
                | Creature Attack | 3 |  | 
| Creature Carapace | 2 |  | 
| Destroyer Form | 1 |  | 
| Web | 1 |  | 
                7 total
 » buildings
                
                | Graveyard | 1 |  | 
| Crypt | 1 |  | 
| Altar of Darkness | 1 |  | 
| Ziggurat | 12 |  | 
| Tomb of Relics | 2 |  | 
| Nerubian Tower | 2 |  | 
| Halls of the Dead | 1 |  | 
| Spirit Tower | 5 |  | 
| Black Citadel | 1 |  | 
| Slaughterhouse | 3 |  | 
                29 total
 » build order
                00:18 Graveyard
00:22 Crypt
01:05 Altar of Darkness
01:10 Ziggurat
01:42 Tomb of Relics
02:09 Ziggurat
02:47 Nerubian Tower
04:08 Ziggurat
06:17 Ziggurat
06:18 Ziggurat
06:28 Halls of the Dead
07:13 Ziggurat
07:14 Ziggurat
08:28 Ziggurat
08:39 Nerubian Tower
08:40 Spirit Tower
09:19 Black Citadel
09:43 Slaughterhouse
09:58 Slaughterhouse
10:02 Ziggurat
10:28 Ziggurat
11:42 Spirit Tower
11:43 Spirit Tower
12:03 Slaughterhouse
12:24 Spirit Tower
14:44 Ziggurat
14:48 Ziggurat
15:44 Spirit Tower
19:34 Tomb of Relics
» items
                
                | Rod of Necromancy | 3 |  | 
| Dust of Appearance | 2 |  | 
| Scroll of Town Portal | 1 |  | 
| Orb of Corruption | 1 |  | 
                7 total
  
               
              
              
KingOfKirblar (
teal | 79 APM | 1669 actions | 21:09)
              
 2 Blademaster 
 1 Wind Walk
 1 Critical Strike
 
                » actions 
                
                | Assign group hotkey | 103 |  | 
| Basic commands | 5 |  | 
| Build / train | 29 |  | 
| Enter build submenu | 16 |  | 
| Enter hero's abilities submenu | 2 |  | 
| Right click | 600 |  | 
| Select / deselect | 232 |  | 
| Select group hotkey | 575 |  | 
| Use ability | 107 |  | 
                1669 total
 » units 
                » upgrades
                
                | Liquid Fire | 1 |  | 
| Reinforced Defenses | 1 |  | 
                2 total
 » buildings
                
                | Altar of Storms | 1 |  | 
| Orc Burrow | 6 |  | 
| Stronghold | 1 |  | 
| War Mill | 1 |  | 
| Voodoo Lounge | 2 |  | 
| Watch Tower | 2 |  | 
| Beastiary | 4 |  | 
| Fortress | 1 |  | 
                18 total
 » build order
                00:05 Altar of Storms
00:07 Orc Burrow
02:13 Stronghold
02:18 War Mill
02:29 Voodoo Lounge
02:53 Orc Burrow
03:36 Watch Tower
03:49 Watch Tower
05:05 Beastiary
05:06 Beastiary
05:09 Orc Burrow
05:38 Orc Burrow
05:56 Beastiary
06:11 Beastiary
06:22 Fortress
07:04 Voodoo Lounge
07:13 Orc Burrow
10:41 Orc Burrow
» items
                
                | Scroll of Town Portal | 1 |  | 
| Staff of Teleportation | 1 |  | 
                2 total
  
               
              
              
TC)Turtle (
yellow | 38 APM | 785 actions | 20:53)
              
 2 Mountain King 
 1 Storm Bolt
 1 Bash
 1 Paladin 
 1 Holy Light
 
                » actions 
                
                | Assign group hotkey | 15 |  | 
| Basic commands | 7 |  | 
| Build / train | 51 |  | 
| ESC pressed | 13 |  | 
| Enter build submenu | 19 |  | 
| Enter hero's abilities submenu | 3 |  | 
| Give item / drop item | 1 |  | 
| Right click | 298 |  | 
| Select / deselect | 218 |  | 
| Select group hotkey | 106 |  | 
| Use ability | 54 |  | 
                785 total
 » units 
                
                | Peasant | 10 |  | 
| Footman | 5 |  | 
| Gryphon Rider | 12 |  | 
                27 total
 » upgrades
                
                | Animal War Training | 1 |  | 
| Swords | 1 |  | 
| Storm Hammers | 1 |  | 
                3 total
 » buildings
                
                | Altar of Kings | 1 |  | 
| Barracks | 1 |  | 
| Farm | 8 |  | 
| Scout Tower | 22 |  | 
| Lumber Mill | 2 |  | 
| Arcane Tower | 6 |  | 
| Keep | 1 |  | 
| Guard Tower | 8 |  | 
| Castle | 1 |  | 
| Gryphon Aviary | 2 |  | 
| Blacksmith | 1 |  | 
                53 total
 » build order
                00:08 Altar of Kings
00:10 Barracks
00:12 Farm
01:43 Farm
01:53 Farm
02:12 Scout Tower
02:35 Lumber Mill
02:50 Arcane Tower
03:31 Keep
03:53 Scout Tower
03:54 Scout Tower
03:55 Scout Tower
03:56 Scout Tower
04:43 Guard Tower
04:46 Arcane Tower
05:09 Farm
05:10 Farm
05:11 Farm
05:32 Arcane Tower
05:42 Arcane Tower
06:17 Castle
06:26 Gryphon Aviary
06:27 Gryphon Aviary
06:53 Scout Tower
07:15 Blacksmith
07:42 Arcane Tower
07:51 Arcane Tower
09:40 Farm
10:22 Farm
14:11 Lumber Mill
14:20 Scout Tower
14:22 Scout Tower
14:23 Scout Tower
14:24 Scout Tower
14:27 Scout Tower
14:28 Scout Tower
15:14 Guard Tower
15:20 Guard Tower
15:23 Guard Tower
15:30 Scout Tower
15:31 Scout Tower
15:33 Scout Tower
16:00 Guard Tower
16:08 Guard Tower
16:26 Guard Tower
16:34 Scout Tower
16:36 Scout Tower
16:43 Scout Tower
16:45 Scout Tower
16:49 Scout Tower
16:51 Scout Tower
16:52 Scout Tower
17:07 Guard Tower
 
               
              
              
Zeratul-1 (
green | 47 APM | 969 actions | 20:41)
              
 3 Mountain King 
 2 Storm Bolt
 1 Bash
 1 Paladin 
 1 Holy Light
 
                » actions 
                
                | Assign group hotkey | 16 |  | 
| Basic commands | 6 |  | 
| Build / train | 63 |  | 
| Enter build submenu | 32 |  | 
| Enter hero's abilities submenu | 4 |  | 
| Give item / drop item | 2 |  | 
| Remove unit from queue | 4 |  | 
| Right click | 317 |  | 
| Select / deselect | 318 |  | 
| Select group hotkey | 152 |  | 
| Use ability | 55 |  | 
                969 total
 » units 
                » upgrades
                
                | Masonry | 2 |  | 
| Lumber Harvesting | 1 |  | 
| Storm Hammers | 1 |  | 
| Swords | 2 |  | 
| Armor | 1 |  | 
                7 total
 » buildings
                
                | Altar of Kings | 1 |  | 
| Farm | 11 |  | 
| Scout Tower | 4 |  | 
| Arcane Tower | 1 |  | 
| Keep | 2 |  | 
| Lumber Mill | 1 |  | 
| Blacksmith | 1 |  | 
| Guard Tower | 6 |  | 
| Castle | 1 |  | 
| Gryphon Aviary | 2 |  | 
| Town Hall | 1 |  | 
| Arcane Vault | 2 |  | 
                33 total
 » build order
                00:05 Altar of Kings
00:20 Farm
01:28 Scout Tower
01:30 Farm
01:33 Farm
01:57 Arcane Tower
02:29 Farm
02:56 Keep
02:56 Keep
03:18 Lumber Mill
04:02 Scout Tower
04:04 Scout Tower
04:05 Scout Tower
04:47 Blacksmith
05:02 Guard Tower
05:23 Guard Tower
05:23 Guard Tower
05:24 Guard Tower
05:25 Castle
06:26 Gryphon Aviary
06:30 Gryphon Aviary
06:54 Guard Tower
07:22 Farm
08:24 Town Hall
08:45 Farm
09:07 Farm
09:35 Arcane Vault
09:58 Arcane Vault
11:48 Farm
12:33 Farm
14:02 Farm
14:03 Farm
» items
                
                | Scroll of Town Portal | 3 |  | 
| Healing Salve | 1 |  | 
| Staff of Teleportation | 1 |  | 
                5 total
  
               team 2 (winner) 
              
              
298739283939208 (
blue | 90 APM | 1914 actions | 21:10)
              
 4 Demon Hunter 
 2 Mana Burn
 2 Evasion
 
                » actions 
                
                | Assign group hotkey | 30 |  | 
| Build / train | 55 |  | 
| Enter build submenu | 12 |  | 
| Enter hero's abilities submenu | 5 |  | 
| Right click | 742 |  | 
| Select / deselect | 263 |  | 
| Select group hotkey | 718 |  | 
| Use ability | 89 |  | 
                1914 total
 » units 
                » buildings
                
                | Altar of Elders | 1 |  | 
| Moon Well | 1 |  | 
| Tree of Life | 9 |  | 
                11 total
 » build order
                00:09 Altar of Elders
00:20 Moon Well
05:48 Tree of Life
06:29 Tree of Life
11:38 Tree of Life
13:12 Tree of Life
13:59 Tree of Life
16:54 Tree of Life
19:29 Tree of Life
19:33 Tree of Life
19:36 Tree of Life
» items
                
                | Staff of Teleportation | 1 |  | 
| Potion of Lesser Invulnerability | 1 |  | 
| Scroll of Healing | 1 |  | 
| Scroll of Protection | 1 |  | 
| Boots of Speed | 1 |  | 
                5 total
  
               
              
              
EurovisionisGG (
red | 70 APM | 1474 actions | 21:10)
              
 2 Blademaster 
 1 Wind Walk
 1 Critical Strike
 
                » actions 
                
                | Assign group hotkey | 149 |  | 
| Basic commands | 1 |  | 
| Build / train | 51 |  | 
| ESC pressed | 1 |  | 
| Enter build submenu | 16 |  | 
| Enter hero's abilities submenu | 2 |  | 
| Give item / drop item | 2 |  | 
| Right click | 742 |  | 
| Select / deselect | 150 |  | 
| Select group hotkey | 318 |  | 
| Use ability | 42 |  | 
                1474 total
 » units 
                » upgrades
                » buildings
                
                | Altar of Storms | 1 |  | 
| Orc Burrow | 2 |  | 
| Voodoo Lounge | 1 |  | 
| War Mill | 1 |  | 
| Watch Tower | 9 |  | 
| Stronghold | 2 |  | 
                16 total
 » build order
                00:06 Altar of Storms
00:09 Orc Burrow
00:20 Voodoo Lounge
02:51 War Mill
04:05 Watch Tower
04:33 Watch Tower
05:01 Watch Tower
14:17 Watch Tower
14:18 Watch Tower
14:20 Watch Tower
14:21 Watch Tower
14:22 Watch Tower
16:14 Stronghold
16:15 Watch Tower
18:17 Stronghold
19:39 Orc Burrow
» items
                
                | Healing Salve | 1 |  | 
| Lesser Clarity Potion | 2 |  | 
| Boots of Speed | 1 |  | 
| Staff of Teleportation | 2 |  | 
| Orb of Lightning | 1 |  | 
| Tiny Great Hall | 3 |  | 
| Scroll of Town Portal | 1 |  | 
                11 total
  
               
              
              
GoDiePlz (
purple | 99 APM | 2103 actions | 21:10)
              
 6 Death Knight 
 3 Death Coil
 3 Unholy Aura
 5 Lich 
 3 Frost Nova
 2 Dark Ritual
 4 Dreadlord 
 2 Sleep
 2 Carrion Swarm
 
                » actions 
                
                | Assign group hotkey | 24 |  | 
| Basic commands | 259 |  | 
| Build / train | 56 |  | 
| ESC pressed | 2 |  | 
| Enter build submenu | 17 |  | 
| Enter hero's abilities submenu | 16 |  | 
| Right click | 789 |  | 
| Select / deselect | 288 |  | 
| Select group hotkey | 560 |  | 
| Use ability | 90 |  | 
                2103 total
 » units 
                
                | Acolyte | 2 |  | 
| Ghoul | 1 |  | 
| Crypt Fiend | 7 |  | 
| Frost Wyrm | 8 |  | 
                18 total
 » upgrades
                
                | Creature Attack | 3 |  | 
| Creature Carapace | 4 |  | 
| Web | 1 |  | 
| Freezing Breath | 1 |  | 
                9 total
 » buildings
                
                | Crypt | 1 |  | 
| Graveyard | 1 |  | 
| Altar of Darkness | 1 |  | 
| Ziggurat | 7 |  | 
| Tomb of Relics | 1 |  | 
| Halls of the Dead | 1 |  | 
| Nerubian Tower | 1 |  | 
| Spirit Tower | 5 |  | 
| Black Citadel | 1 |  | 
| Sacrificial Pit | 1 |  | 
| Boneyard | 3 |  | 
                23 total
 » build order
                00:05 Crypt
00:17 Graveyard
00:40 Altar of Darkness
00:55 Ziggurat
01:10 Tomb of Relics
01:25 Ziggurat
02:18 Halls of the Dead
02:38 Nerubian Tower
02:58 Ziggurat
03:00 Ziggurat
04:38 Ziggurat
04:39 Spirit Tower
04:42 Ziggurat
04:43 Black Citadel
04:58 Sacrificial Pit
06:19 Ziggurat
07:05 Boneyard
07:12 Boneyard
07:19 Boneyard
10:19 Spirit Tower
10:30 Spirit Tower
10:40 Spirit Tower
15:17 Spirit Tower
» items
                
                | Rod of Necromancy | 2 |  | 
| Dust of Appearance | 1 |  | 
                3 total
  
               
              
              
TIMG4STRok (
orange | 141 APM | 2979 actions | 21:11)
              
 5 Shadow Hunter 
 2 Hex
 3 Healing Wave
 4 Tauren Chieftain 
 2 Endurance Aura
 2 Shockwave
 
                » actions 
                
                | Assign group hotkey | 26 |  | 
| Basic commands | 197 |  | 
| Build / train | 60 |  | 
| ESC pressed | 1 |  | 
| Enter build submenu | 31 |  | 
| Enter hero's abilities submenu | 9 |  | 
| Give item / drop item | 5 |  | 
| Right click | 915 |  | 
| Select / deselect | 325 |  | 
| Select group hotkey | 1337 |  | 
| Use ability | 73 |  | 
                2979 total
 » units 
                
                | Peon | 8 |  | 
| Grunt | 5 |  | 
| Shaman | 1 |  | 
| Tauren | 4 |  | 
| Troll Witch Doctor | 1 |  | 
| Troll Batrider | 10 |  | 
                29 total
 » upgrades
                
                | Shaman Training | 2 |  | 
| Witch Doctor Training | 3 |  | 
| Armor | 3 |  | 
| Reinforced Defenses | 1 |  | 
| Melee Weapons | 2 |  | 
| Pulverize | 1 |  | 
| Liquid Fire | 1 |  | 
| Burning Oil | 1 |  | 
| Spiked Barricades | 1 |  | 
                15 total
 » buildings
                
                | Altar of Storms | 1 |  | 
| Orc Burrow | 12 |  | 
| Barracks | 1 |  | 
| Voodoo Lounge | 1 |  | 
| Stronghold | 1 |  | 
| War Mill | 1 |  | 
| Fortress | 1 |  | 
| Spirit Lodge | 2 |  | 
| Tauren Totem | 2 |  | 
| Beastiary | 1 |  | 
| Watch Tower | 4 |  | 
| Great Hall | 2 |  | 
                29 total
 » build order
                00:08 Altar of Storms
00:14 Orc Burrow
00:38 Barracks
01:31 Orc Burrow
01:47 Voodoo Lounge
02:20 Stronghold
03:00 War Mill
03:46 Orc Burrow
03:48 Orc Burrow
04:44 Fortress
04:54 Spirit Lodge
04:59 Spirit Lodge
06:31 Orc Burrow
06:32 Orc Burrow
06:35 Orc Burrow
07:19 Tauren Totem
07:20 Tauren Totem
09:44 Beastiary
12:13 Orc Burrow
12:14 Orc Burrow
12:16 Orc Burrow
12:17 Orc Burrow
16:28 Orc Burrow
16:32 Watch Tower
16:32 Watch Tower
16:33 Watch Tower
16:34 Watch Tower
20:28 Great Hall
20:30 Great Hall
» items
                 
                Chat log
          (00:04 / All) TIMG4STRok: open wide
(00:38 / All) GoDiePlz: Hello chums.
(00:43 / All) 298739283939208: sup kok
(00:45 / All) EurovisionisGG: blue likes cock
(01:17 / All) GoDiePlz: But I like Kok though.
(03:09 / All) GoDiePlz: Kodos.
(03:18 / All) 298739283939208: hi im talonsareimba
(03:29 / All) 298739283939208: so kodos
(10:44 / All) EurovisionisGG: get off my kok
(13:51 / All) EurovisionisGG: WISH I COUILD DO SOMETHIN BOUT THAT
(15:33 / All) GoDiePlz: so kodos
(15:36 / All) GoDiePlz: whoresaken
(15:44 / All) TIMG4STRok: all quiet how embarassing.....
(16:13 / All) Zeratul-1: for losing as much as you do to us, you sure talk alot
(16:19 / All) GoDiePlz: oh really?
(16:20 / All) TIMG4STRok: who da fuck are you
(16:21 / All) GoDiePlz: shut up
(17:03 / All) TIMG4STRok: sorry kodos your shit army wont save you this game
(19:27 / All) GoDiePlz: dam
(19:30 / All) GoDiePlz: 4k gold towerwall?
(19:47 / All) TC)Turtle: your a fag
(19:52 / All) GoDiePlz: lmao
(19:56 / All) GoDiePlz: Peep this at wgdf
(19:59 / All) 298739283939208: wheres steven fiar i stop em cold?
(20:12 / All) Zeratul-1: blue, let the adults talk
(20:13 / All) TC)Turtle: purple
(20:17 / All) Zeratul-1: stick to microing your 1 unit
(20:20 / All) TC)Turtle: your a fag
(20:23 / All) 298739283939208: you sure are witty aren't you green
(20:46 / All) TIMG4STRok: peace